 Dungeon Crawl Stone Soup version 0.28-b1-25-g9875b3fc8c (webtiles) character file.

Game seed: 8741691021839082653

366 Fingolfin the Skirmisher (level 6, -6/41 HPs)
             Began as a Gargoyle Fighter on Feb 3, 2022.
             Was a Priest of Qazlal.
             Mangled by a yak (11 damage)
             ... on level 4 of the Dungeon.
             The game lasted 00:13:59 (3306 turns).

Fingolfin the Skirmisher (Gargoyle Fighter)         Turns: 3306, Time: 00:14:01

Health: -6/41      AC: 11    Str: 19    XL:     6   Next: 68%
Magic:  1/9        EV:  9    Int: 11    God:    Qazlal [***...]
Gold:   141        SH:  8    Dex:  9    Spells: 8/9 levels left

rFire   . . .      SeeInvis .   a - +0 flail
rCold   . . .      Faith    .   c - +0 buckler
rNeg    + . .      Spirit   .   b - +0 scale mail
rPois   ∞          Reflect  .   (no helmet)
rElec   +          Harm     .   (no cloak)
rCorr   .          Rampage  .   (no gloves)
Will    .....                   (no boots)
Stlth   ..........              l - amulet of regeneration
HPRegen 0.93/turn               (no ring)
MPRegen 0.11/turn               (no ring)

@: mighty
A: sickness immunity, AC +4, negative energy resistance 1, electricity
resistance, torment resistance 1, petrification resistance
a: Renounce Religion, Upheaval, Elemental Force


You were on level 4 of the Dungeon.
You worshipped Qazlal.
Qazlal was most pleased with you.
You visited 1 branch of the dungeon, and saw 4 of its levels.
You also visited: Sewer.

You collected 141 gold pieces.

Inventory:

Hand Weapons
 a - a +0 flail (weapon)
Missiles
 e - 144 stones (quivered)
 m - 27 arrows
 v - 20 sling bullets
 w - 3 boomerangs
Armour
 b - a +0 scale mail (worn)
 c - a +0 buckler (worn)
Jewellery
 l - an amulet of regeneration (around neck)
 u - an amulet of reflection
Scrolls
 f - 3 scrolls of identify {unknown}
 g - 2 scrolls of magic mapping {unknown}
 n - a scroll of teleportation {unknown}
 o - a scroll of vulnerability {unknown}
 p - a scroll of fear {unknown}
 q - a scroll of holy word {unknown}
 r - a scroll of torment {unknown}
 x - a scroll of enchant armour {unknown}
Potions
 d - 2 potions of might
 h - 2 potions of mutation
 k - a potion of resistance {unknown}
 s - 4 potions of flight
 t - a potion of haste {unknown}


   Skills:
 - Level 6.0 Fighting
 + Level 2.2(2.5) Axes
 - Level 2.0(2.5) Maces & Flails
 - Level 3.2 Armour
 - Level 3.2 Shields
 - Level 2.0 Spellcasting
 - Level 2.0 Translocations
 + Level 1.3 Invocations


You had 8 spell levels left.
You knew the following spells:

 Your Spells              Type           Power      Damage    Failure   Level
t - Apportation           Tloc           10%        N/A       45%         1

Your spell library contained the following spells:

 Spells                   Type           Power      Damage    Failure   Level
 Freeze                   Ice            4%         1d3       75%         1
 Portal Projectile        Hex/Tloc       6%         N/A       92%         3
 Call Canine Familiar     Summ           1%         N/A       98%         3
 Frozen Ramparts          Ice            2%         1d2       98%         3
 Hailstorm                Conj/Ice       1%         3d3       100%        4
 Leda's Liquefaction      Hex/Erth       0%         N/A       100%        4
 Alistair's Intoxication  Tmut/Pois      0%         N/A       100%        5


Dungeon Overview and Level Annotations

Branches:
Dungeon (4/15)              Sewer (visited)
 Temple: D:4-7

Altars:
Qazlal
Wu Jian

Annotations:
D:4 1 transporter


Innate Abilities, Weirdness & Mutations

You are immune to sickness and miasma.
Your stone body is resilient. (AC +4)
You are immune to poison.
You resist negative energy. (rN+)
You are resistant to electric shocks. (rElec)
You are resistant to unholy torment.
You are immune to petrification.


Message History

The yak is almost dead.
You block the bullfrog's attack.
The bullfrog hits you but does no damage.
The orc warrior hits you from afar with a +0 trident!
Aiming: Upheaval
Press: ? - help, Dir - move target, f - orc warrior, p - yak
Aim: an orc warrior, wielding a +0 trident and wearing a +0 plate armour (sparse dust, moderately wounded)
A storm cloud blasts the area with cutting wind!
The cutting wind hits the orc warrior!
The orc warrior is heavily wounded.
The storm surrounding you is now too weak to repel missiles.
You will no longer adapt resistances upon receiving elemental damage.
The bullfrog hits you.
The orc warrior hits you from afar with a +0 trident.
* * * LOW HITPOINT WARNING * * *
Aiming: Upheaval
Press: ? - help, Dir - move target, f/p - orc warrior
Aim: an orc warrior, wielding a +0 trident and wearing a +0 plate armour (heavily wounded)
The ground shakes violently, spewing rubble!
The blast of rubble hits the orc warrior but does no damage.
The orc warrior is heavily wounded.
The bullfrog hits you but does no damage. x2
The orc warrior completely misses you. The bullfrog barely misses you.
You block the orc warrior's attack. The bullfrog closely misses you.
The bullfrog closely misses you.
You don't have enough magic at the moment.
You feel very mighty all of a sudden.
The bullfrog hits you but does no damage.
The orc warrior hits you with a +0 trident!
* * * LOW HITPOINT WARNING * * *
You block the bullfrog's attack.
You sock the orc warrior!
You kill the orc warrior!
Qazlal accepts your kill.
The yak snorts and paws the ground.
The bullfrog hits you but does no damage.
The yak gores you!
You die...

#.. #..# #.# #..###..##
#.# #.......##### #.#
##.....©.....## #.#
##..#########..# #.#
#..##8...(.8##.# #.#
#.#..#.........#.####.)
###...#FY#o©.#..#.##>...
#.....#@#.....#.#.##.###
#.....#!)......©#....# #
#.....#.#.)...#.#.#### #
......#..#...#..#.# ####
.###..#..)[$$?..#.# #...
...##8$._.$8##.###.##
.#...#########..##...#
..........©.....###...#
#.###.#...##### #...#


You could see a yak and a bullfrog.

Vanquished Creatures
  An orc warrior (D:4)
  A howler monkey (D:4)
  A jelly (D:4)
  A hound skeleton (D:4)
  7 river rats (Sewer)
  10 adders
  An ufetubus (D:4)
  4 worms
  5 dart slugs
  4 orcs
  4 endoplasms
  6 giant cockroaches
  4 goblins
  4 hobgoblins
  6 jackals
  11 quokkas
  12 ball pythons
  13 bats
  3 frilled lizards
  7 kobolds
  6 rats
111 creatures vanquished.

Notes
Turn   | Place    | Note
-------+----------+-------------------------------------------
     0 | D:1      | Fingolfin the Gargoyle Fighter began the quest for the Orb.
     0 | D:1      | Reached XP level 1. HP: 14/14 MP: 1/1
   112 | D:1      | Found a faded altar of an unknown god.
   118 | D:1      | Prayed at the altar of an unknown god.
   118 | D:1      | Became a worshipper of Qazlal Stormbringer
   118 | D:1      | Reached * piety under Qazlal
   219 | D:1      | Reached XP level 2. HP: 20/20 MP: 2/2
   224 | D:1      | Reached skill level 4 in Fighting
   338 | D:1      | Learned a level 1 spell: Apportation
   654 | D:1      | Reached XP level 3. HP: 20/24 MP: 3/3
   720 | D:1      | Reached ** piety under Qazlal
  1280 | D:2      | Reached skill level 1 in Spellcasting
  1500 | D:2      | Reached XP level 4. HP: 17/30 MP: 5/5
  1589 | D:3      | Reached skill level 1 in Translocations
  1751 | D:3      | Found a glowing drain.
  1793 | D:3      | Reached skill level 5 in Fighting
  1812 | Sewer    | Entered a sewer
  1832 | Sewer    | Reached *** piety under Qazlal
  1833 | Sewer    | Reached XP level 5. HP: 24/35 MP: 7/7
  1966 | Sewer    | Reached skill level 1 in Axes
  2353 | Sewer    | Reached XP level 6. HP: 40/40 MP: 7/9
  2733 | D:3      | Reached **** piety under Qazlal
  3114 | D:4      | Reached skill level 6 in Fighting
  3114 | D:4      | Reached skill level 1 in Invocations
  3249 | D:4      | Found an ornate altar of the Wu Jian Council.
  3251 | D:4      | Noticed an orc warrior
  3252 | D:4      | Noticed a yak
  3253 | D:4      | Found a transporter.
  3261 | D:4      | Found a transporter.
  3306 | D:4      | Killed an orc warrior
  3306 | D:4      | Mangled by a yak

Illustrated notes

Levels and vault maps discovered:
D:1:      eino_arrival_druids_welcome, layout_loops_corners,
          chequers_ecumenical_altar_simple, minmay_misc_feat_alley
D:2:      layout_loops_ring, nicolae_wormholes
D:3:      layout_basic, gup_sewer_entry_glass
D:4:      layout_loops_ring, gammafunk_temple_overflow_arena

Skill      XL: |  1  2  3  4  5  6 |
---------------+-------------------+-----
Fighting       | 4 5 6 |  6.0
Spellcasting   | 1 2 |  2.0
Translocations | 1 2 |  2.0
Axes           | 1 2 |  2.2
Invocations    | 1 |  1.3
Maces & Flails | |  2.0
Armour         | |  3.2
Shields        | |  3.2

Action                   |  1- 3 |  4- 6 || total
-------------------------+-------+-------++-------
Melee: Flail             |   135 |   360 ||   495
Invok: Upheaval          |       |     4 ||     4
  Use: Potion            |       |     3 ||     3
Armor: Scale mail        |    60 |   165 ||   225
Dodge: Dodged            |    62 |   179 ||   241
Block: Buckler           |    32 |   186 ||   218
